Capitals vs Avalanche
Created - 8 janvier 2014 at 23:11
Goals
|
| Capitals |
0 |
0 |
2 |
0 |
1 |
3 |
| Avalanche |
0 |
1 |
1 |
0 |
0 |
2 |
|
Shots
|
| Capitals |
17 |
1 |
11 |
0 |
4 |
29 |
| Avalanche |
9 |
9 |
17 |
1 |
4 |
36 |
|
1st period
No Goal
Penalties :
Erik Cole (Col) for Roughing (Minor) at 2:17, Jack Johnson (Col) for Delaying the game (Minor) at 11:55, Ryan Smyth (Col) for Tripping (Minor) at 17:51, Bryce Salvador (Was) for Interference (Minor) at 17:51
2nd period
1. Avalanche , Brian Campbell 2 (Drew Doughty, Marty Turco) at 6:02 (PP)
Penalties :
Joe Corvo (Was) for Tripping (Minor) at 0:47, Thomas Vanek (Was) for Tripping (Minor) at 5:05, Erik Cole (Col) for Roughing (Minor) at 6:36
3rd period
2. Capitals , Pierre-Alexandre Parenteau 2 (Steve Sullivan, Ryan Suter) at 3:37
3. Capitals , Bryce Salvador 3 (Adam Hall, Peter Regin) at 9:55
4. Avalanche , Jason Pominville 17 (Oleg Kvasha) at 16:03
Penalties :
Zach Parise (Was) for Tripping (Minor) at 5:18, Chuck Kobasew (Col) for Hooking (Minor) at 7:35, Evgeni Malkin (Was) for Tripping (Minor) at 10:56, Andrew Ladd (Col) for Hooking (Minor) at 13:39
Overtime #1
No Goal
Penalties :
No Penalty
Shootout
Penalty Shot by Evgeni Malkin for Capitals - Stopped by Marty Turco
Penalty Shot by Bryan Little for Avalanche - Shot Misses the Net
Penalty Shot by Zach Parise for Capitals - Stopped by Marty Turco
Penalty Shot by Jason Pominville for Avalanche - Shot Misses the Net
Penalty Shot by Nicklas Backstrom for Capitals - Stopped by Marty Turco
Penalty Shot by Corey Perry for Avalanche - Stopped by Nikolai Khabibulin
Penalty Shot by Thomas Vanek for Capitals - Goal!
Penalty Shot by Mike Comrie for Avalanche - Shot Misses the Net
Penalties :
No Penalty
Goalie Stats
Nikolai Khabibulin (Was), 34 saves from 36 shots - (0,944), W, 13-8-0, 65:00 minutes
Marty Turco (Col), 27 saves from 29 shots - (0,931), OTL, 12-10-3, 65:00 minutes
Players Stats for Capitals
Player Name G A P +/- PIM S H SB GA TA FO MP PP MP PK MP
------------------------------------------------------------------------------------
Adam Hall 0 1 1 1 0 0 1 1 0 0 0/0 6:18 0:19 0:00
Ales Hemsky 0 0 0 1 0 3 1 0 0 0 3/6 14:01 4:28 0:00
Anton Volchenkov 0 0 0 1 0 1 1 1 1 2 0/0 18:44 0:15 2:51
Bobby Ryan 0 0 0 -1 0 1 3 1 0 0 0/1 18:07 4:59 0:00
Braydon Coburn 0 0 0 0 0 0 1 2 0 0 0/0 23:59 5:01 4:03
Brian Rafalski 0 0 0 0 0 0 3 2 1 0 0/0 25:47 4:39 0:00
Brooks Laich 0 0 0 -1 0 1 4 1 1 0 4/12 20:21 4:22 1:44
Bryce Salvador 1 0 1 1 2 4 1 0 0 1 0/0 16:17 0:15 4:03
Chris Kunitz 0 0 0 1 0 2 1 0 0 0 0/0 10:32 0:38 1:42
Evgeni Malkin 0 0 0 0 2 4 3 1 0 1 6/12 23:50 5:08 2:43
Joe Corvo 0 0 0 0 2 1 1 0 0 0 0/0 17:18 5:01 0:00
Nicklas Backstrom 0 0 0 0 0 1 1 0 0 0 12/21 18:38 4:28 1:17
Peter Regin 0 1 1 1 0 4 1 1 1 0 3/6 9:17 0:00 2:08
Pierre-Alexandre Parente 1 0 1 1 0 2 1 1 0 0 0/0 10:05 0:00 0:00
Ryan Suter 0 1 1 0 0 1 2 2 0 0 0/0 27:55 4:39 2:51
Steve Sullivan 0 1 1 1 0 1 0 0 0 0 0/1 11:17 0:15 0:26
Thomas Vanek 0 0 0 -1 2 1 1 2 0 0 0/0 15:04 0:00 0:52
Zach Parise 0 0 0 0 2 2 1 0 0 1 1/1 23:32 5:08 2:56
Players Stats for Avalanche
Player Name G A P +/- PIM S H SB GA TA FO MP PP MP PK MP
------------------------------------------------------------------------------------
Andrew Ladd 0 0 0 0 2 1 1 0 0 0 0/0 13:24 0:00 3:40
Brian Campbell 1 0 1 1 0 4 2 1 0 1 0/0 24:40 4:11 1:20
Bryan Little 0 0 0 -1 0 1 0 2 0 0 3/6 15:41 4:05 2:56
Chuck Kobasew 0 0 0 -1 2 1 0 0 0 0 0/0 10:08 0:01 1:53
Corey Perry 0 0 0 0 0 4 0 0 2 0 1/1 16:19 4:05 0:00
Dave Tanabe 0 0 0 -1 0 0 1 1 0 0 0/0 17:15 2:43 0:02
Drew Doughty 0 1 1 0 0 1 1 1 1 0 0/0 23:00 4:11 4:50
Erik Cole 0 0 0 0 4 5 0 0 0 0 0/0 15:22 0:01 2:49
Jack Johnson 0 0 0 1 2 1 1 0 0 0 0/0 23:27 2:43 3:42
Jason Pominville 1 0 1 0 0 3 1 1 0 0 0/1 20:35 2:48 0:00
Marc Staal 0 0 0 -1 0 2 3 1 0 1 0/0 23:52 0:00 5:05
Maxim Talbot 0 0 0 0 0 2 1 0 0 0 2/3 9:09 0:00 0:24
Mike Comrie 0 0 0 0 0 2 0 0 0 1 8/15 17:23 0:00 4:42
Oleg Kvasha 0 1 1 0 0 3 0 0 1 0 16/32 20:05 2:48 0:00
Richard Zednik 0 0 0 0 0 0 0 0 0 0 0/0 6:55 0:01 0:00
Rostislav Olesz 0 0 0 -1 0 2 0 0 1 1 0/0 13:33 4:05 2:07
Ryan Smyth 0 0 0 0 2 4 1 0 0 0 1/2 19:16 2:48 1:10
Shane O'Brien 0 0 0 -2 0 0 0 0 0 0 0/0 17:56 0:00 5:00
3 Stars
1 - Brian Campbell (Col)
2 - Pierre-Alexandre Parenteau (Was)
3 - Nikolai Khabibulin (Was)
Power Play
Capitals - 0 on 5 Attempt(s) - 0,00%
Avalanche - 1 on 4 Attempt(s) - 25,00%
Penalty Kill
Capitals - 3 on 4 Attempt(s) - 75,00%
- Score 0 goal in Penalty Kill
Avalanche - 5 on 5 Attempt(s) - 100,00%
- Score 0 goal in Penalty Kill
Official
Referees : Walsh Ian and Banfield David
Linesman : Mike Cvik and Brad Lazarowich
Game Notes
No Game Note
Finance
Level 1 -- Attendance: 5947 (99,12%) -- Ticket Income 499 548 $
Level 2 -- Attendance: 4415 (88,30%) -- Ticket Income 220 750 $
Level 3 -- Attendance: 1980 (99,00%) -- Ticket Income 55 440 $
Level 4 -- Attendance: 3819 (95,48%) -- Ticket Income 68 742 $
Luxury Box -- Attendance: 1000 (100,00%) -- Ticket Income 167 000 $
Game was played at the Pepsi Center
Total Attendance: 17161 (95,34%)
Total Ticket Income: 1 011 480 $
Other Income: 151 722 $
Total Income: 1 163 202 $
Capitals
5 vs 5 Forward
Center Left Wing Right Wing Time % Phy DF OF
1 Nicklas Backstrom Zach Parise Evgeni Malkin 42 0 1 4
2 Brooks Laich Thomas Vanek Bobby Ryan 31 0 1 4
3 Ales Hemsky Steve Sullivan Pierre-Alexandre Parentea24 0 2 3
4 Peter Regin Chris Kunitz Adam Hall 3 1 3 1
5 vs 5 Defense
Defense Defense Time % Phy DF OF
1 Brian Rafalski Ryan Suter 40 1 2 2
2 Anton Volchenkov Braydon Coburn 30 1 3 1
3 Bryce Salvador Joe Corvo 20 1 3 1
4 Braydon Coburn Brian Rafalski 10 1 2 2
PowerPlay Forward
Center Left Wing Right Wing Time % Phy DF OF
1 Evgeni Malkin Zach Parise Bobby Ryan 60 0 1 4
2 Brooks Laich Nicklas Backstrom Ales Hemsky 40 0 1 4
PowerPlay Defense
Defense Defense Time % Phy DF OF
1 Brian Rafalski Ryan Suter 60 0 1 4
2 Joe Corvo Braydon Coburn 40 0 1 4
Penalty Kill 4 Players Forward
Center Wing Time % Phy DF OF
1 Evgeni Malkin Zach Parise 60 1 3 1
2 Nicklas Backstrom Thomas Vanek 40 1 3 1
Penalty Kill 4 Players Defense
Defense Defense Time % Phy DF OF
1 Braydon Coburn Bryce Salvador 60 1 4 0
2 Anton Volchenkov Ryan Suter 40 1 4 0
Penalty Kill - 3 Players Forward
Forward Time % Phy DF OF
1 Evgeni Malkin 60 0 5 0
2 Zach Parise 40 0 4 0
Penalty Kill - 3 Players Defense
Defense Defense Time % Phy DF OF
1 Braydon Coburn Bryce Salvador 60 1 4 0
2 Anton Volchenkov Ryan Suter 40 1 4 0
4 vs 4 Forward
Center Wing Time % Phy DF OF
1 Evgeni Malkin Zach Parise 60 0 2 3
2 Brooks Laich Thomas Vanek 40 0 2 3
4 vs 4 Defense
Defense Defense Time % Phy DF OF
1 Brian Rafalski Ryan Suter 60 0 3 2
2 Joe Corvo Bryce Salvador 40 0 3 2
Last Minutes Offensive
Center Left Wing Right Wing Defense Defense
Evgeni Malkin Zach Parise Bobby Ryan Braydon Coburn Bryce Salvador
Last Minutes Defensive
Center Left Wing Right Wing Defense Defense
Evgeni Malkin Zach Parise Bobby Ryan Braydon Coburn Bryce Salvador
Goaltenders
Starting : Nikolai Khabibulin
Backup : Niklas Backstrom
Extra Forwards
Normal : Chris Kunitz, Nicklas Backstrom, Peter Regin - PP : Chris Kunitz, Nicklas Backstrom - PK : Peter Regin
Extra Defensemen
Normal : Ryan Suter, Brian Rafalski, Anton Volchenkov - PP : Brian Rafalski - PK : Ryan Suter, Joe Corvo
Penalty Shots
Evgeni Malkin, Zach Parise, Nicklas Backstrom, Thomas Vanek, Bobby Ryan
Avalanche
5 vs 5 Forward
Center Left Wing Right Wing Time % Phy DF OF
1 Oleg Kvasha Ryan Smyth Jason Pominville 40 1 2 2
2 Mike Comrie Erik Cole Corey Perry 30 1 2 2
3 Maxim Talbot Andrew Ladd Chuck Kobasew 15 2 2 1
4 Bryan Little Rostislav Olesz Richard Zednik 15 0 2 3
5 vs 5 Defense
Defense Defense Time % Phy DF OF
1 Jack Johnson Brian Campbell 35 1 2 2
2 Drew Doughty Marc Staal 35 1 2 2
3 Dave Tanabe Shane O'Brien 30 1 2 2
4 Marc Staal Brian Campbell 0 1 2 2
PowerPlay Forward
Center Left Wing Right Wing Time % Phy DF OF
1 Oleg Kvasha Ryan Smyth Jason Pominville 60 1 2 2
2 Bryan Little Rostislav Olesz Corey Perry 40 1 2 2
PowerPlay Defense
Defense Defense Time % Phy DF OF
1 Drew Doughty Brian Campbell 60 1 2 2
2 Jack Johnson Dave Tanabe 40 1 2 2
Penalty Kill 4 Players Forward
Center Wing Time % Phy DF OF
1 Mike Comrie Erik Cole 60 1 2 2
2 Chuck Kobasew Andrew Ladd 40 1 2 2
Penalty Kill 4 Players Defense
Defense Defense Time % Phy DF OF
1 Marc Staal Shane O'Brien 60 1 2 2
2 Jack Johnson Drew Doughty 40 1 2 2
Penalty Kill - 3 Players Forward
Forward Time % Phy DF OF
1 Mike Comrie 60 1 2 2
2 Jason Pominville 40 1 2 2
Penalty Kill - 3 Players Defense
Defense Defense Time % Phy DF OF
1 Marc Staal Drew Doughty 60 1 2 2
2 Jack Johnson Shane O'Brien 40 1 2 2
4 vs 4 Forward
Center Wing Time % Phy DF OF
1 Oleg Kvasha Jason Pominville 60 1 2 2
2 Mike Comrie Corey Perry 40 1 2 2
4 vs 4 Defense
Defense Defense Time % Phy DF OF
1 Marc Staal Brian Campbell 60 1 2 2
2 Jack Johnson Dave Tanabe 40 1 2 2
Last Minutes Offensive
Center Left Wing Right Wing Defense Defense
Oleg Kvasha Ryan Smyth Jason Pominville Drew Doughty Brian Campbell
Last Minutes Defensive
Center Left Wing Right Wing Defense Defense
Mike Comrie Ryan Smyth Jason Pominville Marc Staal Jack Johnson
Goaltenders
Starting : Marty Turco
Backup : Patrick Lalime
Extra Forwards
Normal : Jason Pominville, Mike Comrie, Andrew Ladd - PP : Richard Zednik, Erik Cole - PK : Andrew Ladd
Extra Defensemen
Normal : Marc Staal, Drew Doughty, Jack Johnson - PP : Drew Doughty - PK : Drew Doughty, Jack Johnson
Penalty Shots
Bryan Little, Jason Pominville, Corey Perry, Mike Comrie, Oleg Kvasha
% Time on Ice - Capitals
Lines # - Real PCT - Wanted PCT - Time Play
Normal Forward
1 - 35% - 42% - 14:31
2 - 27% - 31% - 11:04
3 - 26% - 24% - 10:51
4 - 12% - 3% - 4:46
Normal Defense
1 - 42% - 40% - 17:30
2 - 30% - 30% - 12:17
3 - 24% - 20% - 9:41
4 - 4% - 10% - 1:44
PP Forward
1 - 55% - 60% - 5:27
2 - 45% - 40% - 4:28
PP Defense
1 - 49% - 60% - 4:54
2 - 51% - 40% - 5:01
PK Forward
1 - 83% - 60% - 5:44
2 - 17% - 40% - 1:10
PK Defense
1 - 59% - 60% - 4:03
2 - 41% - 40% - 2:51
PK3 Forward
1 - 0% - 60%
2 - 0% - 40%
PK3 Defense
1 - 0% - 60%
2 - 0% - 40%
44 Forward
1 - 72% - 60% - 5:01
2 - 28% - 40% - 1:58
44 Defense
1 - 62% - 60% - 4:18
2 - 38% - 40% - 2:41
Last Minute Offensive - 0:00
Last Minute Defensive - 0:00
Total
Forward - 65:00
Defense - 65:00
|
% Time on Ice - Avalanche
Lines # - Real PCT - Wanted PCT - Time Play
Normal Forward
1 - 40% - 40% - 16:27
2 - 27% - 30% - 11:11
3 - 16% - 15% - 6:24
4 - 17% - 15% - 7:10
Normal Defense
1 - 36% - 35% - 14:51
2 - 35% - 35% - 14:30
3 - 29% - 30% - 11:51
4 - 0% - 0% - 0:00
PP Forward
1 - 41% - 60% - 2:49
2 - 59% - 40% - 4:05
PP Defense
1 - 61% - 60% - 4:11
2 - 39% - 40% - 2:43
PK Forward
1 - 72% - 60% - 7:06
2 - 28% - 40% - 2:49
PK Defense
1 - 51% - 60% - 5:05
2 - 49% - 40% - 4:50
PK3 Forward
1 - 0% - 60%
2 - 0% - 40%
PK3 Defense
1 - 0% - 60%
2 - 0% - 40%
44 Forward
1 - 79% - 60% - 5:33
2 - 21% - 40% - 1:26
44 Defense
1 - 66% - 60% - 4:35
2 - 34% - 40% - 2:24
Last Minute Offensive - 0:00
Last Minute Defensive - 0:00
Total
Forward - 65:00
Defense - 65:00
|
Play by Play
1st period
0:01 of 1st period - Nicklas Backstrom wins face-off versus Oleg Kvasha in neutral zone.
1:01 of 1st period - Brian Rafalski is hit by Marc Staal and loses puck.
1:16 of 1st period - Snap shot by Pierre-Alexandre Parenteau.
1:16 of 1st period - Shot Misses the Net.
1:39 of 1st period - Ryan Smyth is hit by Peter Regin and loses puck.
1:52 of 1st period - Snap shot by Andrew Ladd.
1:52 of 1st period - Deflect By Maxim Talbot.
1:52 of 1st period - Stopped by Nikolai Khabibulin with a rebound.
1:54 of 1st period - Slapshot by Andrew Ladd.
1:54 of 1st period - Shot Blocked by Adam Hall.
1:56 of 1st period - Snap shot by Maxim Talbot.
1:56 of 1st period - Stopped by Nikolai Khabibulin with a rebound.
1:58 of 1st period - Wrist shot by Chuck Kobasew.
1:58 of 1st period - Shot Blocked by Peter Regin.
2:00 of 1st period - Slapshot by Brian Campbell.
2:00 of 1st period - Stopped by Nikolai Khabibulin without a rebound.
2:01 of 1st period - Brooks Laich wins face-off versus Mike Comrie in Capitals zone.
2:12 of 1st period - Snap shot by Thomas Vanek.
2:12 of 1st period - Shot Misses the Net.
2:17 of 1st period - Minor Penalty to Erik Cole for Roughing.
2:18 of 1st period - Evgeni Malkin wins face-off versus Mike Comrie in Avalanche zone.
4:17 of 1st period - Penalty to Erik Cole is over, Erik Cole is back on ice.
4:24 of 1st period - Wrist shot by Steve Sullivan.
4:24 of 1st period - Shot Hit the Post.
4:26 of 1st period - Slapshot by Bryce Salvador.
4:26 of 1st period - Stopped by Marty Turco with a rebound.
4:28 of 1st period - Snap shot by Chris Kunitz.
4:28 of 1st period - Stopped by Marty Turco with a rebound.
4:30 of 1st period - Snap shot by Chris Kunitz.
4:30 of 1st period - Stopped by Marty Turco without a rebound.
4:31 of 1st period - Peter Regin wins face-off versus Oleg Kvasha in Avalanche zone.
4:42 of 1st period - Snap shot by Chris Kunitz.
4:42 of 1st period - Shot Misses the Net.
4:45 of 1st period - Icing by Dave Tanabe.
4:46 of 1st period - Oleg Kvasha wins face-off versus Nicklas Backstrom in Avalanche zone.
5:20 of 1st period - Wrist shot by Bobby Ryan.
5:20 of 1st period - Stopped by Marty Turco with a rebound.
5:22 of 1st period - Slapshot by Bryce Salvador.
5:22 of 1st period - Stopped by Marty Turco with a rebound.
5:42 of 1st period - Snap shot by Mike Comrie.
5:42 of 1st period - Shot Misses the Net.
6:58 of 1st period - Icing by Braydon Coburn.
6:59 of 1st period - Oleg Kvasha wins face-off versus Brooks Laich in Capitals zone.
7:04 of 1st period - Snap shot by Erik Cole.
7:04 of 1st period - Stopped by Nikolai Khabibulin with a rebound.
7:46 of 1st period - Andrew Ladd is hit by Zach Parise and loses puck.
8:11 of 1st period - Snap shot by Rostislav Olesz.
8:11 of 1st period - Stopped by Nikolai Khabibulin with a rebound.
8:21 of 1st period - Brian Campbell is hit by Adam Hall and loses puck.
8:34 of 1st period - Wrist shot by Corey Perry.
8:34 of 1st period - Stopped by Nikolai Khabibulin without a rebound.
8:35 of 1st period - Mike Comrie wins face-off versus Brooks Laich in Capitals zone.
8:38 of 1st period - Snap shot by Mike Comrie.
8:38 of 1st period - Shot Misses the Net.
8:46 of 1st period - Wrist shot by Bobby Ryan.
8:46 of 1st period - Shot Misses the Net.
8:48 of 1st period - Slapshot by Bobby Ryan.
8:48 of 1st period - Shot Misses the Net.
8:52 of 1st period - Snap shot by Brooks Laich.
8:52 of 1st period - Shot Misses the Net.
8:54 of 1st period - Snap shot by Bobby Ryan.
8:54 of 1st period - Shot Blocked by Marc Staal.
9:22 of 1st period - Marc Staal is hit by Brooks Laich and loses puck.
9:35 of 1st period - Slapshot by Brooks Laich.
9:35 of 1st period - Stopped by Marty Turco with a rebound.
9:37 of 1st period - Wrist shot by Bryce Salvador.
9:37 of 1st period - Stopped by Marty Turco with a rebound.
9:39 of 1st period - Slapshot by Joe Corvo.
9:39 of 1st period - Stopped by Marty Turco with a rebound.
10:35 of 1st period - Wrist shot by Mike Comrie.
10:35 of 1st period - Shot Misses the Net.
10:41 of 1st period - Snap shot by Corey Perry.
10:41 of 1st period - Deflect By Mike Comrie.
10:41 of 1st period - Shot Misses the Net.
10:41 of 1st period - Puck is out of play.
10:42 of 1st period - Oleg Kvasha wins face-off versus Evgeni Malkin in Capitals zone.
11:13 of 1st period - Snap shot by Andrew Ladd.
11:13 of 1st period - Stopped by Nikolai Khabibulin without a rebound.
11:14 of 1st period - Oleg Kvasha wins face-off versus Steve Sullivan in Capitals zone.
11:17 of 1st period - Snap shot by Jason Pominville.
11:17 of 1st period - Stopped by Nikolai Khabibulin with a rebound.
11:29 of 1st period - Snap shot by Ales Hemsky.
11:29 of 1st period - Shot Misses the Net.
11:31 of 1st period - Slapshot by Ales Hemsky.
11:31 of 1st period - Shot Misses the Net.
11:35 of 1st period - Snap shot by Ales Hemsky.
11:35 of 1st period - Stopped by Marty Turco with a rebound.
11:37 of 1st period - Slapshot by Anton Volchenkov.
11:37 of 1st period - Deflect By Ales Hemsky.
11:37 of 1st period - Shot Misses the Net.
11:37 of 1st period - Puck is out of play.
11:38 of 1st period - Nicklas Backstrom wins face-off versus Bryan Little in Avalanche zone.
11:48 of 1st period - Snap shot by Nicklas Backstrom.
11:48 of 1st period - Stopped by Marty Turco without a rebound.
11:49 of 1st period - Oleg Kvasha wins face-off versus Evgeni Malkin in Avalanche zone.
11:55 of 1st period - Minor Penalty to Jack Johnson for Delaying the game.
11:56 of 1st period - Mike Comrie wins face-off versus Bobby Ryan in Avalanche zone.
12:17 of 1st period - Mike Comrie is hit by Brooks Laich and loses puck.
13:12 of 1st period - Mike Comrie is hit by Brian Rafalski and loses puck.
13:55 of 1st period - Penalty to Jack Johnson is over, Jack Johnson is back on ice.
14:13 of 1st period - Snap shot by Peter Regin.
14:13 of 1st period - Stopped by Marty Turco without a rebound.
14:14 of 1st period - Peter Regin wins face-off versus Bryan Little in Avalanche zone.
14:51 of 1st period - Jason Pominville is hit by Evgeni Malkin.
15:08 of 1st period - Brian Campbell is hit by Bobby Ryan and loses puck.
15:19 of 1st period - Jack Johnson is hit by Brian Rafalski and loses puck.
15:25 of 1st period - Off-side.
15:26 of 1st period - Nicklas Backstrom wins face-off versus Oleg Kvasha in neutral zone.
15:37 of 1st period - Backhand shot by Evgeni Malkin.
15:37 of 1st period - Stopped by Marty Turco without a rebound.
15:38 of 1st period - Nicklas Backstrom wins face-off versus Oleg Kvasha in Avalanche zone.
15:39 of 1st period - Snap shot by Evgeni Malkin.
15:39 of 1st period - Stopped by Marty Turco with a rebound.
15:41 of 1st period - Slapshot by Anton Volchenkov.
15:41 of 1st period - Stopped by Marty Turco without a rebound.
15:42 of 1st period - Oleg Kvasha wins face-off versus Nicklas Backstrom in Avalanche zone.
15:49 of 1st period - Slapshot by Ryan Smyth.
15:49 of 1st period - Stopped by Nikolai Khabibulin without a rebound.
15:50 of 1st period - Oleg Kvasha wins face-off versus Nicklas Backstrom in Capitals zone.
16:15 of 1st period - Erik Cole is hit by Ryan Suter and loses puck.
16:40 of 1st period - Bobby Ryan is hit by Marc Staal and loses puck.
17:03 of 1st period - Snap shot by Bryan Little.
17:03 of 1st period - Shot Misses the Net.
17:19 of 1st period - Wrist shot by Zach Parise.
17:19 of 1st period - Shot Misses the Net.
17:21 of 1st period - Slapshot by Ryan Suter.
17:21 of 1st period - Stopped by Marty Turco without a rebound.
17:22 of 1st period - Nicklas Backstrom wins face-off versus Oleg Kvasha in Avalanche zone.
17:34 of 1st period - Off-side.
17:35 of 1st period - Nicklas Backstrom wins face-off versus Oleg Kvasha in neutral zone.
17:51 of 1st period - Minor Penalty to Ryan Smyth for Tripping.
17:51 of 1st period - Minor Penalty to Bryce Salvador for Interference.
17:52 of 1st period - Evgeni Malkin wins face-off versus Oleg Kvasha in Avalanche zone.
18:03 of 1st period - Snap shot by Zach Parise.
18:03 of 1st period - Stopped by Marty Turco without a rebound.
18:04 of 1st period - Evgeni Malkin wins face-off versus Oleg Kvasha in Avalanche zone.
18:47 of 1st period - Icing by Brian Campbell.
18:48 of 1st period - Oleg Kvasha wins face-off versus Brooks Laich in Avalanche zone.
19:27 of 1st period - Snap shot by Evgeni Malkin.
19:27 of 1st period - Stopped by Marty Turco with a rebound.
19:51 of 1st period - Penalty to Ryan Smyth is over, Ryan Smyth is back on ice.
19:51 of 1st period - Penalty to Bryce Salvador is over, Bryce Salvador is back on ice.
2nd period
0:01 of 2nd period - Nicklas Backstrom wins face-off versus Oleg Kvasha in neutral zone.
0:30 of 2nd period - Snap shot by Chuck Kobasew.
0:30 of 2nd period - Stopped by Nikolai Khabibulin without a rebound.
0:31 of 2nd period - Ales Hemsky wins face-off versus Maxim Talbot in Capitals zone.
0:47 of 2nd period - Minor Penalty to Joe Corvo for Tripping.
0:48 of 2nd period - Oleg Kvasha wins face-off versus Evgeni Malkin in Capitals zone.
1:31 of 2nd period - Bryan Little is hit by Ryan Suter and loses puck.
2:47 of 2nd period - Penalty to Joe Corvo is over, Joe Corvo is back on ice.
3:34 of 2nd period - Marc Staal is hit by Joe Corvo.
4:09 of 2nd period - Wrist shot by Jack Johnson.
4:09 of 2nd period - Stopped by Nikolai Khabibulin with a rebound.
4:13 of 2nd period - Snap shot by Bryan Little.
4:13 of 2nd period - Shot Misses the Net.
4:50 of 2nd period - Slapshot by Peter Regin.
4:50 of 2nd period - Shot Misses the Net.
5:05 of 2nd period - Minor Penalty to Thomas Vanek for Tripping.
5:06 of 2nd period - Evgeni Malkin wins face-off versus Oleg Kvasha in Capitals zone.
5:36 of 2nd period - Off-side.
5:37 of 2nd period - Oleg Kvasha wins face-off versus Nicklas Backstrom in neutral zone.
5:52 of 2nd period - Snap shot by Oleg Kvasha.
5:52 of 2nd period - Stopped by Nikolai Khabibulin without a rebound.
5:53 of 2nd period - Evgeni Malkin wins face-off versus Oleg Kvasha in Capitals zone.
6:02 of 2nd period - Slapshot by Brian Campbell.
6:02 of 2nd period - Goal by Brian Campbell - Capitals : 0 - Avalanche : 1.
6:03 of 2nd period - Oleg Kvasha wins face-off versus Nicklas Backstrom in neutral zone.
6:12 of 2nd period - Backhand shot by Zach Parise.
6:12 of 2nd period - Stopped by Marty Turco with a rebound.
6:36 of 2nd period - Minor Penalty to Erik Cole for Roughing.
6:37 of 2nd period - Mike Comrie wins face-off versus Evgeni Malkin in Avalanche zone.
7:20 of 2nd period - Backhand shot by Brian Rafalski.
7:20 of 2nd period - Shot Misses the Net.
7:22 of 2nd period - Snap shot by Brooks Laich.
7:22 of 2nd period - Shot Blocked by Drew Doughty.
8:32 of 2nd period - Evgeni Malkin is hit by Maxim Talbot.
8:36 of 2nd period - Penalty to Erik Cole is over, Erik Cole is back on ice.
8:36 of 2nd period - Joe Corvo is hit by Marc Staal and loses puck.
8:41 of 2nd period - Snap shot by Erik Cole.
8:41 of 2nd period - Shot Misses the Net.
8:43 of 2nd period - Wrist shot by Ryan Smyth.
8:43 of 2nd period - Shot Misses the Net.
8:45 of 2nd period - Wrist shot by Shane O'Brien.
8:45 of 2nd period - Deflect By Ryan Smyth.
8:45 of 2nd period - Stopped by Nikolai Khabibulin with a rebound.
8:51 of 2nd period - Joe Corvo is hit by Ryan Smyth and loses puck.
9:02 of 2nd period - Snap shot by Ryan Smyth.
9:02 of 2nd period - Shot Misses the Net.
9:14 of 2nd period - Erik Cole is hit by Bobby Ryan and loses puck.
9:32 of 2nd period - Brian Campbell is hit by Evgeni Malkin and loses puck.
9:55 of 2nd period - Ryan Smyth is hit by Evgeni Malkin and loses puck.
10:14 of 2nd period - Wrist shot by Erik Cole.
10:14 of 2nd period - Shot Misses the Net.
10:16 of 2nd period - Wrist shot by Ryan Smyth.
10:16 of 2nd period - Shot Misses the Net.
10:18 of 2nd period - Snap shot by Brian Campbell.
10:18 of 2nd period - Shot Blocked by Brian Rafalski.
10:26 of 2nd period - Wrist shot by Ryan Smyth.
10:26 of 2nd period - Shot Blocked by Evgeni Malkin.
10:28 of 2nd period - Slapshot by Brian Campbell.
10:28 of 2nd period - Shot Blocked by Brian Rafalski.
10:30 of 2nd period - Snap shot by Ryan Smyth.
10:30 of 2nd period - Stopped by Nikolai Khabibulin with a rebound.
10:32 of 2nd period - Snap shot by Ryan Smyth.
10:32 of 2nd period - Stopped by Nikolai Khabibulin with a rebound.
10:44 of 2nd period - Snap shot by Brian Campbell.
10:44 of 2nd period - Stopped by Nikolai Khabibulin with a rebound.
10:48 of 2nd period - Snap shot by Erik Cole.
10:48 of 2nd period - Stopped by Nikolai Khabibulin without a rebound.
10:49 of 2nd period - Ales Hemsky wins face-off versus Bryan Little in Capitals zone.
10:56 of 2nd period - Wrist shot by Bryan Little.
10:56 of 2nd period - Shot Hit the Post.
11:39 of 2nd period - Joe Corvo is hit by Jason Pominville.
12:22 of 2nd period - Richard Zednik is hit by Chris Kunitz and loses puck.
15:55 of 2nd period - Thomas Vanek is hit by Drew Doughty and loses puck.
19:06 of 2nd period - Brian Campbell is hit by Anton Volchenkov and loses puck.
3rd period
0:01 of 3rd period - Zach Parise wins face-off versus Oleg Kvasha in neutral zone.
0:04 of 3rd period - Slapshot by Ryan Suter.
0:04 of 3rd period - Shot Blocked by Jason Pominville.
0:09 of 3rd period - Off-side.
0:10 of 3rd period - Oleg Kvasha wins face-off versus Nicklas Backstrom in neutral zone.
0:41 of 3rd period - Slapshot by Oleg Kvasha.
0:41 of 3rd period - Shot Misses the Net.
0:43 of 3rd period - Snap shot by Oleg Kvasha.
0:43 of 3rd period - Shot Misses the Net.
0:49 of 3rd period - Wrist shot by Ryan Smyth.
0:49 of 3rd period - Shot Misses the Net.
0:51 of 3rd period - Snap shot by Oleg Kvasha.
0:51 of 3rd period - Deflect By Jason Pominville.
0:51 of 3rd period - Shot Blocked by Ryan Suter.
0:51 of 3rd period - Puck is out of play.
0:52 of 3rd period - Mike Comrie wins face-off versus Brooks Laich in Capitals zone.
0:53 of 3rd period - Snap shot by Corey Perry.
0:53 of 3rd period - Stopped by Nikolai Khabibulin with a rebound.
0:55 of 3rd period - Wrist shot by Marc Staal.
0:55 of 3rd period - Stopped by Nikolai Khabibulin without a rebound.
0:56 of 3rd period - Mike Comrie wins face-off versus Brooks Laich in Capitals zone.
1:01 of 3rd period - Snap shot by Mike Comrie.
1:01 of 3rd period - Stopped by Nikolai Khabibulin without a rebound.
1:02 of 3rd period - Brooks Laich wins face-off versus Mike Comrie in Capitals zone.
1:07 of 3rd period - Wrist shot by Erik Cole.
1:07 of 3rd period - Stopped by Nikolai Khabibulin with a rebound.
1:09 of 3rd period - Backhand shot by Drew Doughty.
1:09 of 3rd period - Shot Misses the Net.
1:11 of 3rd period - Snap shot by Erik Cole.
1:11 of 3rd period - Shot Misses the Net.
1:43 of 3rd period - Snap shot by Thomas Vanek.
1:43 of 3rd period - Shot Misses the Net.
1:51 of 3rd period - Snap shot by Corey Perry.
1:51 of 3rd period - Shot Blocked by Bobby Ryan.
1:53 of 3rd period - Snap shot by Mike Comrie.
1:53 of 3rd period - Shot Misses the Net.
2:07 of 3rd period - Wrist shot by Erik Cole.
2:07 of 3rd period - Shot Blocked by Brooks Laich.
2:09 of 3rd period - Slapshot by Mike Comrie.
2:09 of 3rd period - Shot Misses the Net.
2:11 of 3rd period - Snap shot by Erik Cole.
2:11 of 3rd period - Shot Blocked by Braydon Coburn.
2:13 of 3rd period - Wrist shot by Erik Cole.
2:13 of 3rd period - Stopped by Nikolai Khabibulin without a rebound.
2:14 of 3rd period - Nicklas Backstrom wins face-off versus Oleg Kvasha in Capitals zone.
2:44 of 3rd period - Shane O'Brien is hit by Ales Hemsky.
3:25 of 3rd period - Snap shot by Ales Hemsky.
3:25 of 3rd period - Stopped by Marty Turco with a rebound.
3:27 of 3rd period - Backhand shot by Steve Sullivan.
3:27 of 3rd period - Stopped by Marty Turco with a rebound.
3:29 of 3rd period - Slapshot by Pierre-Alexandre Parenteau.
3:29 of 3rd period - Stopped by Marty Turco with a rebound.
3:31 of 3rd period - Snap shot by Steve Sullivan.
3:31 of 3rd period - Shot Misses the Net.
3:33 of 3rd period - Slapshot by Brian Rafalski.
3:33 of 3rd period - Shot Misses the Net.
3:37 of 3rd period - Slapshot by Steve Sullivan.
3:37 of 3rd period - Deflect By Pierre-Alexandre Parenteau.
3:37 of 3rd period - Goal by Pierre-Alexandre Parenteau - Capitals : 1 - Avalanche : 1.
3:38 of 3rd period - Corey Perry wins face-off versus Nicklas Backstrom in neutral zone.
3:45 of 3rd period - Snap shot by Corey Perry.
3:45 of 3rd period - Stopped by Nikolai Khabibulin with a rebound.
4:09 of 3rd period - Thomas Vanek is hit by Brian Campbell and loses puck.
4:14 of 3rd period - Snap shot by Oleg Kvasha.
4:14 of 3rd period - Shot Misses the Net.
4:21 of 3rd period - Icing by Bryce Salvador.
4:22 of 3rd period - Maxim Talbot wins face-off versus Brooks Laich in Capitals zone.
4:23 of 3rd period - Slapshot by Drew Doughty.
4:23 of 3rd period - Shot Blocked by Thomas Vanek.
4:25 of 3rd period - Slapshot by Erik Cole.
4:25 of 3rd period - Stopped by Nikolai Khabibulin with a rebound.
4:27 of 3rd period - Slapshot by Drew Doughty.
4:27 of 3rd period - Shot Misses the Net.
4:29 of 3rd period - Slapshot by Erik Cole.
4:29 of 3rd period - Shot Blocked by Thomas Vanek.
4:31 of 3rd period - Slapshot by Marc Staal.
4:31 of 3rd period - Stopped by Nikolai Khabibulin without a rebound.
4:32 of 3rd period - Mike Comrie wins face-off versus Nicklas Backstrom in Capitals zone.
4:35 of 3rd period - Snap shot by Corey Perry.
4:35 of 3rd period - Stopped by Nikolai Khabibulin without a rebound.
4:36 of 3rd period - Nicklas Backstrom wins face-off versus Oleg Kvasha in Capitals zone.
4:49 of 3rd period - Slapshot by Evgeni Malkin.
4:49 of 3rd period - Stopped by Marty Turco without a rebound.
4:50 of 3rd period - Brooks Laich wins face-off versus Ryan Smyth in Avalanche zone.
5:05 of 3rd period - Snap shot by Thomas Vanek.
5:05 of 3rd period - Stopped by Marty Turco without a rebound.
5:06 of 3rd period - Nicklas Backstrom wins face-off versus Mike Comrie in Avalanche zone.
5:13 of 3rd period - Slapshot by Drew Doughty.
5:13 of 3rd period - Deflect By Mike Comrie.
5:13 of 3rd period - Shot Blocked by Braydon Coburn.
5:13 of 3rd period - Puck is out of play.
5:14 of 3rd period - Nicklas Backstrom wins face-off versus Mike Comrie in Capitals zone.
5:18 of 3rd period - Minor Penalty to Zach Parise for Tripping.
5:19 of 3rd period - Peter Regin wins face-off versus Oleg Kvasha in Capitals zone.
7:18 of 3rd period - Penalty to Zach Parise is over, Zach Parise is back on ice.
7:35 of 3rd period - Minor Penalty to Chuck Kobasew for Hooking.
7:36 of 3rd period - Evgeni Malkin wins face-off versus Mike Comrie in Avalanche zone.
8:58 of 3rd period - Zach Parise is hit by Andrew Ladd and loses puck.
9:35 of 3rd period - Penalty to Chuck Kobasew is over, Chuck Kobasew is back on ice.
9:51 of 3rd period - Snap shot by Peter Regin.
9:51 of 3rd period - Stopped by Marty Turco with a rebound.
9:53 of 3rd period - Slapshot by Adam Hall.
9:53 of 3rd period - Shot Blocked by Bryan Little.
9:55 of 3rd period - Slapshot by Bryce Salvador.
9:55 of 3rd period - Goal by Bryce Salvador - Capitals : 2 - Avalanche : 1.
9:56 of 3rd period - Oleg Kvasha wins face-off versus Ales Hemsky in neutral zone.
10:05 of 3rd period - Snap shot by Ryan Smyth.
10:05 of 3rd period - Deflect By Oleg Kvasha.
10:05 of 3rd period - Stopped by Nikolai Khabibulin without a rebound.
10:06 of 3rd period - Ales Hemsky wins face-off versus Jason Pominville in Capitals zone.
10:51 of 3rd period - Snap shot by Ales Hemsky.
10:51 of 3rd period - Stopped by Marty Turco without a rebound.
10:52 of 3rd period - Nicklas Backstrom wins face-off versus Mike Comrie in Avalanche zone.
10:56 of 3rd period - Minor Penalty to Evgeni Malkin for Tripping.
10:57 of 3rd period - Bryan Little wins face-off versus Peter Regin in Capitals zone.
10:58 of 3rd period - Wrist shot by Rostislav Olesz.
10:58 of 3rd period - Shot Misses the Net.
11:00 of 3rd period - Slapshot by Drew Doughty.
11:00 of 3rd period - Stopped by Nikolai Khabibulin without a rebound.
11:01 of 3rd period - Bryan Little wins face-off versus Peter Regin in Capitals zone.
11:41 of 3rd period - Zach Parise is hit by Brian Campbell and loses puck.
12:52 of 3rd period - Icing by Jack Johnson.
12:53 of 3rd period - Bryan Little wins face-off versus Peter Regin in Avalanche zone.
12:56 of 3rd period - Penalty to Evgeni Malkin is over, Evgeni Malkin is back on ice.
12:58 of 3rd period - Anton Volchenkov is hit by Jack Johnson.
13:08 of 3rd period - Wrist shot by Evgeni Malkin.
13:08 of 3rd period - Shot Blocked by Bryan Little.
13:10 of 3rd period - Slapshot by Peter Regin.
13:10 of 3rd period - Stopped by Marty Turco with a rebound.
13:12 of 3rd period - Slapshot by Joe Corvo.
13:12 of 3rd period - Shot Misses the Net.
13:14 of 3rd period - Slapshot by Bryce Salvador.
13:14 of 3rd period - Shot Blocked by Dave Tanabe.
13:16 of 3rd period - Wrist shot by Peter Regin.
13:16 of 3rd period - Stopped by Marty Turco without a rebound.
13:17 of 3rd period - Brooks Laich wins face-off versus Oleg Kvasha in Avalanche zone.
13:30 of 3rd period - Oleg Kvasha is hit by Bryce Salvador.
13:39 of 3rd period - Minor Penalty to Andrew Ladd for Hooking.
13:40 of 3rd period - Mike Comrie wins face-off versus Evgeni Malkin in Avalanche zone.
13:56 of 3rd period - Wrist shot by Mike Comrie.
13:56 of 3rd period - Stopped by Nikolai Khabibulin with a rebound.
14:20 of 3rd period - Jack Johnson is hit by Braydon Coburn.
14:56 of 3rd period - Ryan Smyth is hit by Brian Rafalski and loses puck.
15:39 of 3rd period - Penalty to Andrew Ladd is over, Andrew Ladd is back on ice.
15:51 of 3rd period - Wrist shot by Brian Campbell.
15:51 of 3rd period - Stopped by Nikolai Khabibulin without a rebound.
15:52 of 3rd period - Oleg Kvasha wins face-off versus Brooks Laich in Capitals zone.
16:01 of 3rd period - Snap shot by Jason Pominville.
16:01 of 3rd period - Stopped by Nikolai Khabibulin without a rebound.
16:02 of 3rd period - Oleg Kvasha wins face-off versus Brooks Laich in Capitals zone.
16:03 of 3rd period - Slapshot by Jason Pominville.
16:03 of 3rd period - Goal by Jason Pominville - Capitals : 2 - Avalanche : 2.
16:04 of 3rd period - Maxim Talbot wins face-off versus Ales Hemsky in neutral zone.
16:23 of 3rd period - Jack Johnson is hit by Pierre-Alexandre Parenteau.
16:41 of 3rd period - Snap shot by Rostislav Olesz.
16:41 of 3rd period - Shot Blocked by Ryan Suter.
16:43 of 3rd period - Snap shot by Richard Zednik.
16:43 of 3rd period - Shot Misses the Net.
17:01 of 3rd period - Wrist shot by Brooks Laich.
17:01 of 3rd period - Shot Misses the Net.
17:03 of 3rd period - Snap shot by Bobby Ryan.
17:03 of 3rd period - Shot Hit the Post.
17:18 of 3rd period - Off-side.
17:19 of 3rd period - Mike Comrie wins face-off versus Nicklas Backstrom in neutral zone.
17:41 of 3rd period - Ales Hemsky is hit by Dave Tanabe and loses puck.
17:46 of 3rd period - Snap shot by Maxim Talbot.
17:46 of 3rd period - Shot Blocked by Pierre-Alexandre Parenteau.
17:54 of 3rd period - Slapshot by Maxim Talbot.
17:54 of 3rd period - Shot Blocked by Anton Volchenkov.
18:32 of 3rd period - Snap shot by Evgeni Malkin.
18:32 of 3rd period - Shot Blocked by Brian Campbell.
18:34 of 3rd period - Slapshot by Zach Parise.
18:34 of 3rd period - Shot Hit the Post.
18:55 of 3rd period - Wrist shot by Rostislav Olesz.
18:55 of 3rd period - Stopped by Nikolai Khabibulin with a rebound.
18:57 of 3rd period - Snap shot by Bryan Little.
18:57 of 3rd period - Stopped by Nikolai Khabibulin without a rebound.
18:58 of 3rd period - Ryan Smyth wins face-off versus Ales Hemsky in Capitals zone.
18:59 of 3rd period - Wrist shot by Jason Pominville.
18:59 of 3rd period - Shot Misses the Net.
19:23 of 3rd period - Marc Staal is hit by Bobby Ryan and loses puck.
Overtime #1
0:01 of 1st overtime period - Oleg Kvasha wins face-off versus Evgeni Malkin in neutral zone.
0:16 of 1st overtime period - Wrist shot by Oleg Kvasha.
0:16 of 1st overtime period - Stopped by Nikolai Khabibulin with a rebound.
0:48 of 1st overtime period - Wrist shot by Brooks Laich.
0:48 of 1st overtime period - Shot Misses the Net.
1:41 of 1st overtime period - Jason Pominville is hit by Thomas Vanek.
1:51 of 1st overtime period - Jack Johnson is hit by Nicklas Backstrom and loses puck.
2:30 of 1st overtime period - Bryan Little is hit by Brooks Laich and loses puck.
4:22 of 1st overtime period - Oleg Kvasha is hit by Brooks Laich and loses puck.
ShootOut
5:00 of 1st overtime period - Penalty Shot by Evgeni Malkin for Capitals.
5:00 of 1st overtime period - Deke by Evgeni Malkin.
5:00 of 1st overtime period - Stopped by Marty Turco.
5:00 of 1st overtime period - Penalty Shot by Bryan Little for Avalanche.
5:00 of 1st overtime period - Wrist shot by Bryan Little.
5:00 of 1st overtime period - Shot Misses the Net.
5:00 of 1st overtime period - Penalty Shot by Zach Parise for Capitals.
5:00 of 1st overtime period - Wrist shot by Zach Parise.
5:00 of 1st overtime period - Stopped by Marty Turco.
5:00 of 1st overtime period - Penalty Shot by Jason Pominville for Avalanche.
5:00 of 1st overtime period - Backhand shot by Jason Pominville.
5:00 of 1st overtime period - Shot Misses the Net.
5:00 of 1st overtime period - Penalty Shot by Nicklas Backstrom for Capitals.
5:00 of 1st overtime period - Backhand shot by Nicklas Backstrom.
5:00 of 1st overtime period - Stopped by Marty Turco.
5:00 of 1st overtime period - Penalty Shot by Corey Perry for Avalanche.
5:00 of 1st overtime period - Deke by Corey Perry.
5:00 of 1st overtime period - Stopped by Nikolai Khabibulin.
5:00 of 1st overtime period - Penalty Shot by Thomas Vanek for Capitals.
5:00 of 1st overtime period - Deke by Thomas Vanek.
5:00 of 1st overtime period - Goal by Thomas Vanek.
5:00 of 1st overtime period - Penalty Shot by Mike Comrie for Avalanche.
5:00 of 1st overtime period - Wrist shot by Mike Comrie.
5:00 of 1st overtime period - Shot Misses the Net.
Output by the SimonT Hockey Simulator (STHS) for François Prévost -- Original Page W3C XHTML 1.0 Valid